 Dungeon Crawl Stone Soup version 0.28.0-62-gf88900778d (webtiles) character file.

Game seed: 18128516373419109217

633713 AarnesTheHuman the Sniper (level 27, -13/224 HPs)
             Began as a Gnoll Fighter on Mar 10, 2023.
             Was the Champion of the Shining One.
             Mangled by Cerebov
             ... wielding the +6 sword of Cerebov {flame}
              (41 damage)
             ... in Pandemonium on Mar 12, 2023.
             The game lasted 04:38:30 (117647 turns).

AarnesTheHuman the Sniper (Gnoll Fighter)         Turns: 117647, Time: 04:38:30

Health: -13/224    AC: 37    Str: 22    XL:     27
Magic:  18/45      EV: 14    Int: 13    God:    the Shining One [******]
Gold:   10494      SH: 31    Dex: 12    Spells: 4/63 levels left

rFire   + + .      SeeInvis +   a - +9 broad axe (freeze)
rCold   + . .      Faith    .   q - +6 tower shield {rC+}
rNeg    + + +      Spirit   .   L - +11 chain mail of Genetrask {rPois rF+ rN+++ Int-2}
rPois   +          Reflect  +   y - +0 mask of the Dragon {Will+ Slay+3 SInv}
rElec   .          Harm     .   V - +2 cloak {Will+}
rCorr   +          Rampage  .   U - +2 pair of gloves {hurl}
Will    +++++      Clarity  +   E - +2 pair of boots {Stlth+}
Stlth   ++........              P - amulet of reflection
HPRegen 0.47/turn               M - ring of Farodi {rF+ rCorr Slay+3}
MPRegen 0.29/turn               e - ring of protection from fire

@: brilliant, fire vulnerable, flying, hasted, glowing, studying 3 skills, very
quick
A: fangs 1, strong nose, distributed training, clarity, deterioration 1,
strong-willed 1, screaming 1
}: 4/15 runes: serpentine, barnacled, slimy, silver
a: Renounce Religion, Divine Shield, Cleansing Flame, Summon Divine Warrior


You were in Pandemonium.
You worshipped the Shining One.
The Shining One was exalted by your worship.
You visited 12 branches of the dungeon, and saw 56 of its levels.
You visited Pandemonium 1 time, and saw 2 of its levels.
You also visited: Bailey, Ice Cave and Wizlab.

You collected 12357 gold pieces.
You spent 1863 gold pieces at shops.

Inventory:

Hand Weapons
 a - a +9 broad axe of freezing (weapon)
 b - a +9 hand crossbow of flaming
 w - the +1 war axe of Greed {venom, rElec rC++}
   (Okawaru gifted it to you on level 3 of the Elven Halls)

   It poisons the flesh of those it strikes.
   rC:        It greatly protects you from cold.
   rElec:     It insulates you from electricity.
 N - a +6 broad axe of holy wrath
Missiles
 h - 1558 bolts
 m - 31 boomerangs (quivered)
 F - 5 silver javelins
 Y - 11 javelins
Armour
 q - a +6 tower shield of cold resistance (worn)
 y - the +0 mask of the Dragon (worn) {Will+ Slay+3 SInv}
   (You found it on level 3 of the Elven Halls)

   Slay:      It affects your accuracy & damage with ranged weapons and melee
   (+3).
   SInv:      It lets you see invisible.
   Will:      It increases your willpower.
 E - a +2 pair of boots of stealth (worn)
 L - the +11 chain mail of Genetrask (worn) {rPois rF+ rN+++ Int-2}
   (Okawaru gifted it to you on level 4 of the Snake Pit)

   Int:       It affects your intelligence (-2).
   rF:        It protects you from fire.
   rPois:     It protects you from poison.
   rN:        It renders you almost immune to negative energy.
 U - a +2 pair of gloves of hurling (worn)
 V - a +2 cloak of willpower (worn)
Jewellery
 e - a ring of protection from fire (right hand)
 i - the ring of the Will of the Gods {Will+ MP+9 Str+5 Int+2 Dex-5}
   (You bought it in a shop on level 2 of the Orcish Mines)

   [ring of magical power]

   Str:       It affects your strength (+5).
   Int:       It affects your intelligence (+2).
   Dex:       It affects your dexterity (-5).
   MP:        It affects your magic capacity (+9).
   Will:      It increases your willpower.
 l - the ring of Jealousy {rElec Dex+6}
   (You found it on level 5 of the Pits of Slime)

   [ring of dexterity]

   Dex:       It affects your dexterity (+6).
   rElec:     It insulates you from electricity.
 I - a ring of ice
 K - a ring of flight
 M - the ring of Farodi (left hand) {rF+ rCorr Slay+3}
   (You took it off a deep elf death mage on level 3 of the Elven Halls)

   [ring of protection from fire]

   Slay:      It affects your accuracy & damage with ranged weapons and melee
   (+3).
   rF:        It protects you from fire.
   rCorr:     It protects you from acid and corrosion.
 P - an amulet of reflection (around neck)
Wands
 j - a wand of charming (7)
 s - a wand of mindburst (30)
 B - a wand of digging (21)
 C - a wand of iceblast (31)
 S - a wand of paralysis (28)
 Z - a wand of acid (41)
Scrolls
 o - 4 scrolls of amnesia
 r - 7 scrolls of fear
 A - 2 scrolls of magic mapping
 D - 22 scrolls of teleportation
 G - 7 scrolls of blinking
 H - 6 scrolls of holy word
 Q - 2 scrolls of silence
 T - 8 scrolls of fog
 W - 4 scrolls of summoning
Potions
 d - 8 potions of might
 f - 7 potions of ambrosia
 g - 9 potions of haste
 k - 11 potions of heal wounds
 p - 11 potions of mutation
 t - 4 potions of cancellation
 u - 31 potions of curing
 v - 7 potions of flight
 x - 5 potions of resistance
 z - 4 potions of lignification
 J - 2 potions of berserk rage
 O - 5 potions of brilliance
 X - 9 potions of magic
Miscellaneous
 c - a phantom mirror
 R - a tin of tremorstones (2/2)


   Skills:
 + Level 19.8 Fighting
 + Level 18.9 Short Blades
 + Level 18.9 Long Blades
 + Level 19.4 Axes
 + Level 18.9 Maces & Flails
 + Level 18.9 Polearms
 + Level 18.9 Staves
 + Level 18.9 Slings
 + Level 18.9 Bows
 + Level 21.5 Crossbows
 + Level 19.5 Throwing
 + Level 19.8 Armour
 + Level 18.9 Dodging
 + Level 18.9 Stealth
 + Level 19.8 Shields
 + Level 18.9 Unarmed Combat
 + Level 18.9 Spellcasting
 + Level 16.1 Conjurations
 + Level 16.1 Hexes
 + Level 16.1 Summonings
 + Level 16.1 Necromancy
 + Level 16.1 Translocations
 + Level 16.1 Transmutations
 + Level 16.1 Fire Magic
 + Level 19.9 Ice Magic
 + Level 16.1 Air Magic
 + Level 16.1 Earth Magic
 + Level 16.1 Poison Magic
 + Level 20.4 Invocations
 + Level 18.9 Evocations


You had 4 spell levels left.
You knew the following spells:

 Your Spells              Type           Power      Damage    Failure   Level
a - Frozen Ramparts       Ice            100%       1d12      1%          3
b - Poisonous Vapours     Pois/Air       100%       N/A       1%          2
c - Blink                 Tloc           100%       N/A       1%          2
d - Sticky Flame          Conj/Fire      69%        2d8       1%          4
e - Hailstorm             Conj/Ice       73%        3d15      1%          4
f - Olgreb's Toxic Radia  Pois           69%        N/A       1%          4
g - Passage of Golubria   Tloc           69%        N/A       1%          4
h - Stone Arrow           Conj/Erth      100%       3d13      1%          3
i - Wereblood             Tmut           69%        N/A       1%          2
j - Ozocubu's Refrigerat  Ice            38%        4d12      9%          7
k - Passwall              Tmut/Erth      57%        N/A       1%          2
l - Airstrike             Air            34%        N/A       1%          4
m - Silence               Hex/Air        34%        N/A       1%          5
n - Freezing Cloud        Conj/Ice/Air   36%        6-21      1%          5
o - Ozocubu's Armour      Ice            77%        N/A       1%          3
p - Manifold Assault      Tloc           69%        N/A       1%          5

Your spell library contained the following spells:

 Spells                   Type           Power      Damage    Failure   Level
 Freeze                   Ice            100%       1d11      0%          1
 Apportation              Tloc           100%       N/A       1%          1
 Pain                     Necr           100%       1d9       1%          1
 Sandblast                Erth           100%       2d20      1%          1
 Sting                    Tmut/Pois      100%       1d8       1%          1
 Ensorcelled Hibernation  Hex/Ice        100%       N/A       1%          2
 Static Discharge         Conj/Air       69%        N/A       1%          2
 Sublimation of Blood     Necr           69%        N/A       1%          2
 Call Canine Familiar     Summ           69%        N/A       1%          3
 Conjure Flame            Conj/Fire      69%        6-21      1%          3
 Dazzling Flash           Conj/Hex       100%       N/A       1%          3
 Gell's Gravitas          Tloc           69%        N/A       1%          3
 Ignite Poison            Fire/Tmut/Pois 69%        N/A       1%          3
 Mephitic Cloud           Conj/Pois/Air  69%        N/A       1%          3
 Portal Projectile        Hex/Tloc       100%       N/A       1%          3
 Spider Form              Tmut/Pois      69%        N/A       1%          3
 Swiftness                Air            69%        N/A       1%          3
 Teleport Other           Tloc           69%        N/A       1%          3
 Vampiric Draining        Necr           69%        2d10      1%          3
 Anguish                  Hex/Necr       34%        N/A       1%          4
 Animate Armour           Summ/Erth      100%       N/A       1%          4
 Animate Dead             Necr           34%        N/A       1%          4
 Dispel Undead            Necr           69%        3d23      1%          4
 Ice Form                 Ice/Tmut       73%        N/A       1%          4
 Iskenderun's Mystic Bla  Conj/Tloc      69%        2d14      1%          4
 Leda's Liquefaction      Hex/Erth       34%        N/A       1%          4
 Petrify                  Tmut/Erth      69%        N/A       1%          4
 Summon Ice Beast         Ice/Summ       73%        N/A       1%          4
 Summon Lightning Spire   Summ/Air       69%        N/A       1%          4
 Agony                    Necr           69%        N/A       1%          5
 Alistair's Intoxication  Tmut/Pois      46%        N/A       1%          5
 Borgnjor's Vile Clutch   Necr/Erth      34%        N/A       1%          5
 Excruciating Wounds      Necr           34%        N/A       1%          5
 Fireball                 Conj/Fire      34%        3d14      1%          5
 Lightning Bolt           Conj/Air       34%        1d52      1%          5
 Metabolic Englaciation   Hex/Ice        36%        N/A       1%          5
 Summon Mana Viper        Hex/Summ       69%        N/A       1%          5
 Simulacrum               Ice/Necr       36%        N/A       3%          6
 Death Channel            Necr           34%        N/A       7%          6
 Dispersal                Tloc           34%        N/A       7%          6
 Eringya's Noxious Bog    Tmut/Pois      34%        N/A       7%          6
 Starburst                Conj/Fire      34%        6d10      7%          6
 Statue Form              Tmut/Erth      46%        N/A       7%          6
 Enfeeble                 Hex            34%        N/A       36%         7
 Storm Form               Tmut/Air       34%        N/A       36%         7
 Summon Hydra             Summ           34%        N/A       36%         7
 Borgnjor's Revivificati  Necr           34%        N/A       97%         8
 Ignition                 Fire           34%        3d11      97%         8
 Lehudib's Crystal Spear  Conj/Erth      34%        10d9      97%         8
 Maxwell's Capacitive Co  Air            34%        ∞         97%         8
 Chain Lightning          Conj/Air       34%        3d46      100%        9
 Death's Door             Necr           34%        N/A       100%        9
 Fire Storm               Conj/Fire      34%        8d9       100%        9
 Polar Vortex             Ice            38%        N/A       100%        9
 Shatter                  Erth           34%        3d28*     100%        9


Dungeon Overview and Level Annotations

Branches:
Dungeon (15/15)            Temple (1/1) D:7            Lair (6/6) D:8
 Shoals (4/4) Lair:3        Snake (4/4) Lair:4        Slime (5/5) Lair:5
    Orc (2/2) D:10            Elf (3/3) Orc:2        Vaults (5/5) D:14
  Crypt (3/3) Vaults:3       Tomb (0/3) Crypt:3      Depths (4/4) D:15
    Zot (4/5) Depths:4     Bailey (visited)           IceCv (visited)
 WizLab (visited)

Altars:
Ashenzari
Cheibriados
Dithmenos
Elyvilon
Fedhas
Gozag
Hepliaklqana
Kikubaaqudgha
Makhleb
Nemelex Xobeh
Okawaru
Qazlal
Ru
Sif Muna
Trog
Uskayaw
Vehumet
Wu Jian
Xom
Yredelemnul
Zin
The Shining One
Jiyva

Shops:
D:3 [   D:4 *   D:10 =   D:15 [   Orc:2 (=*=   Elf:2 *   Shoals:3 :   Snake:4 *
Vaults:2 *[*

Portals:
Hell: Depths:1 Depths:2 Depths:3 Depths:4
Abyss: Depths:1 Depths:3
Pandemonium: Depths:1 Depths:2
Ziggurat: Depths:2

Annotations:
D:3 exclusion: downstairs
D:7 exclusion: downstairs
D:9 exclusion: downstairs
D:12 exclusion: downstairs
D:13 exclusion: downstairs
D:14 exclusion: downstairs
Lair:5 exclusion: downstairs
Shoals:3 exclusion: downstairs
Snake:3 exclusion: downstairs
Orc:1 exclusion: downstairs
Vaults:1 3 runed doors
Vaults:2 exclusion: downstairs
Crypt:1 1 runed translucent door, exclusions: door and downstairs, Uleskiuh's ghost, master GnTm
Depths:2 exclusion: downstairs
Depths:3 exclusion: downstairs
Zot:3 1 transporter
Pan Cerebov


Innate Abilities, Weirdness & Mutations

You have very sharp teeth.
Your uncanny sense of smell can sniff out nearby items.
Your experience applies equally to all skills.
You possess an exceptional clarity of mind.
Your body sometimes deteriorates upon taking damage.
You are strong-willed. (Will+)
You occasionally shout uncontrollably at your foes.


Message History

The great blast of fire engulfs Cerebov!!!
Cerebov partially resists.
The great blast of fire engulfs your angel!!!!
Your angel is burned terribly!
Your angel dies!
Your angel dissolves into sparkling lights!
The great blast of fire engulfs the Brimstone Fiend!!
The Brimstone Fiend partially resists.
The Brimstone Fiend dies!
You hear a bellow!
You howl at the fire vortex! 2 fire vortices come into view.
You feel much better.
You are engulfed in blazing flames.
You resist.
Cerebov shouts, "Accept thy doom, thou canting earth-vexing clam!"
Cerebov gestures at you.
The iron shot reflects off an invisible shield around you!
The iron shot hits Cerebov!!!
You are engulfed in blazing flames.
You resist. Cerebov closely misses you. The fire vortex hits you.
The fire vortex burns you! You resist.
The fire vortex dissipates!
Your magical contamination has completely faded away.
You are engulfed in blazing flames.
You resist. You block Cerebov's attack.
You slash Cerebov! You freeze Cerebov. You bite Cerebov.
Cerebov is severely wounded.
You are engulfed in blazing flames.
You resist.
Cerebov hits you with the +6 sword of Cerebov {flame}!!!
* * * LOW HITPOINT WARNING * * *
Cerebov burns you.
* * * LOW HITPOINT WARNING * * *
Activating: Cleansing Flame (0% risk of failure)
Press: ? - help, Dir - look around, f - activate The golden flame engulfs you but does no damage.
You resist.
The golden flame engulfs Cerebov!!!
Cerebov writhes in agony!
Cerebov is almost dead.
The golden flame engulfs the fire vortex!
The fire vortex is heavily damaged.
You are engulfed in blazing flames.
You resist.
* * * LOW HITPOINT WARNING * * *
Cerebov hits you with the +6 sword of Cerebov {flame}!!!
You die...

#
......(.......#
#
#.......#####..
# ....≈.......##
#
..≈≈≈≈≈......##
#
.≈≈≈≈°○≈.°....#
#
≈≈≈≈≈≈°°°○....#
#
≈≈≈≈≈v≈°○°≈...#
#
≈≈...○&≈°○≈≈..#
∆
≈....°°@°°≈≈....
∆
..........≈≈....
................
∆ ∆
...###....≈≈....
≈.. ...≈≈≈≈....
# ≈≈ .##≈≈≈≈≈..#
# # #≈≈≈≈...#
.... # ∆
#≈≈≈....#
#...... #
#......


You could see Cerebov (fast) and a fire vortex.

Vanquished Creatures
  the Royal Jelly (Slime:5)
  5 dread liches
  2 ancient liches (Vaults:5)
  A pandemonium lord (Pan)
  2 juggernauts
  3 Killer Klowns (Zot:4)
  Boris (twice) (Depths:4 Crypt:3)
  Margery (Depths:4)
  Saint Roka (Vaults:1)
  Jory (Crypt:3)
  4 caustic shrikes
  8 golden dragons
  A profane servitor (Crypt:3)
  Nikola (Depths:1)
  2 bone dragons
  4 hellephants
  14 tentacled monstrosities
  A walking crystal tome (WizLab)
  An electric golem (Zot:2)
  Rupert (D:14)
  The ghost of AarnesTheHuman the Warrior, an adept HOFi of Okawaru (D:14)
  4 liches
  3 deep elf blademasters
  2 walking frostbound tomes (WizLab)
  Asterion (Elf:2)
  9 titans
  3 quicksilver dragons
  5 death cobs
  19 acid blobs
  Frances (D:13)
  9 sphinxes
  3 ancient champions
  A kraken (Shoals:1)
  3 deep elf master archers
  4 shadow dragons
  A draconian monk (Zot:1)
  11 storm dragons
  A strange machine (WizLab)
  3 tengu reavers
  8 rockslimes
  2 revenants
  10 fire giants
  A draconian knight (Zot:4)
  10 nagarajas
  9 azure jellies
  17 frost giants
  2 demonspawn warmongers (Pan)
  3 iron dragons
  4 draconian scorchers
  8 deep elf sorcerers
  9 vault wardens
  Louise (Shoals:4)
  10 balrugs (Pan)
  A ghost moth (shapeshifter) (Vaults:4)
  A curse skull (Crypt:1)
  A draconian shifter (Zot:4)
  2 cacodemons (Pan)
  Aizul (Vaults:3)
  An angel (Pan)
  6 deep elf elementalists (Elf:3)
  A caustic shrike skeleton (Crypt:3)
  A draconian stormcaller (Depths:4)
  2 ghouls
  A draconian annihilator (Zot:1)
  A juggernaut zombie (Depths:3)
  4 ironbound thunderhulks
  12 quicksilver oozes
  31 very ugly things
  18 ironbound preservers
  A quicksilver ooze (shapeshifter) (Vaults:4)
  7 war gargoyles
  A reaper (Pan)
  23 stone giants
  3 green draconians
  17 vampire knights
  2 black draconians
  3 white draconians
  2 spark wasps (Depths:2)
  3 purple draconians (Depths:4)
  7 deep elf demonologists
  7 red draconians
  9 yellow draconians
  A dire elephant (shapeshifter) (Depths:3)
  8 deep elf annihilators
  7 dire elephants
  2 entropy weavers
  The ghost of Aricsoirch the Bludgeoner, a journeyman GrFi of Okawaru (Lair:3)
  3 merfolk javelineers
  14 deep elf death magi
  Snorg (Lair:4)
  2 eidola
  3 green deaths (Pan)
  A crystal guardian (Vaults:1)
  17 ettins
  3 blizzard demons
  9 yaktaur captains
  9 fire dragons
  5 merfolk impalers (Shoals:4)
  5 deep elf high priests
  8 great orbs of eyes
  20 jiangshi
  Josephine (Orc:2)
  30 vault guards
  8 rakshasas
  11 ice dragons
  A boulder beetle (shapeshifter) (Vaults:5)
  4 salamander tyrants
  5 peacekeepers
  6 boulder beetles
  Harold (D:7)
  16 centaur warriors
  2 hell beasts
  6 merfolk avatars
  6 spriggan air magi
  4 ogre magi
  17 hydras
  14 naga warriors
  8 merfolk aquamancers
  2 catoblepae
  An alligator snapping turtle (Shoals:4)
  5 ironbound frosthearts
  8 anacondas
  43 dancing weapons
  9 death knights
  7 tengu warriors
  8 vampire magi
  A satyr (Shoals:4)
  27 two-headed ogres
  5 deep troll shamans
  3 death yaks (Lair:4)
  5 deep troll earth magi
  5 spriggan berserkers
  Urug (D:14)
  8 shock serpents
  24 sun demons (Pan)
  11 naga sharpshooters
  4 soul eaters
  17 deep elf knights
  21 hell knights
  27 skeletal warriors
  2 sixfirhies (Pan)
  4 salamander mystics
  75 deep trolls
  20 sea snakes
  6 shadow wraiths
  7 iron trolls
  5 flayed ghosts
  7 naga ritualists
  A shadow demon (Pan)
  17 deep elf archers
  4 glowing orange brains
  21 wizards
  A bog body (IceCv)
  An obsidian statue (IceCv)
  3 swamp dragons (Lair:1)
  13 harpies
  5 spriggan simulacra
  A lindwurm (shapeshifter) (Depths:2)
  A golden dragon skeleton (Crypt:2)
  21 ironbound convokers
  17 phantasmal warriors
  12 necromancers
  12 cyclopes
  Pikel (D:9)
  5 orc knights
  27 deep elf pyromancers
  4 wolf spiders
  36 deep elf zephyrmancers
  4 lindwurms (Vaults:3)
  13 salamanders
  19 moths of wrath
  A frost giant zombie (Vaults:4)
  9 mana vipers
  59 ugly things
  12 manticores
  A wolf spider (shapeshifter) (Vaults:5)
  A shining eye (Slime:3)
  2 orc sorcerers (Orc:2)
  19 fauns
  A tengu skeleton (Vaults:3)
  4 guardian serpents
  7 water nymphs
  13 merfolk sirens
  7 orange demons
  An eye of devastation (shapeshifter) (Vaults:5)
  6 elephants
  52 black mambas
  14 naga magi
  2 water nymphs (shapeshifter)
  2 fire giant skeletons
  16 vault sentinels
  A black mamba (shapeshifter) (Elf:3)
  12 cane toads
  An ice statue (Shoals:2)
  3 smoke demons
  4 torpor snails
  3 hellions
  7 entropy weaver simulacra (IceCv)
  5 komodo dragons
  2 efreet
  A komodo dragon (shapeshifter) (D:15)
  An unseen horror (D:12)
  2 rime drakes
  A yaktaur skeleton (Vaults:1)
  A golden dragon simulacrum (IceCv)
  14 yaktaurs
  3 kobold demonologists
  11 tengu conjurers
  8 ice devils (IceCv)
  9 freezing wraiths
  A red devil (Pan)
  A spectral harpy (Crypt:3)
  3 anaconda simulacra (IceCv)
  A polar bear (Lair:2)
  A merfolk (shapeshifter) (D:14)
  18 trolls
  22 merfolk
  5 hornets
  A slime creature (shapeshifter) (Depths:3)
  A pale draconian skeleton (Crypt:2)
  A queen bee (shapeshifter) (Elf:3)
  3 wind drakes
  A dream sheep (shapeshifter) (Vaults:5)
  A death drake skeleton (Crypt:1)
  60 slime creatures
  11 snapping turtles
  12 blink frogs
  A culicivora (shapeshifter) (D:14)
  An elf zombie (Vaults:1)
  A vampire (D:11)
  4 ynoxinuls
  49 flying skulls (Crypt:3)
  An ice dragon skeleton (Crypt:1)
  11 large abominations
  15 wraiths
  2 ettin skeletons (Vaults:3)
  A deep troll skeleton (Vaults:1)
  4 air elementals
  24 humans
  9 water elementals
  61 yaks
  A spriggan (Depths:3)
  6 shadows
  4 fire bats (D:10)
  A dire elephant simulacrum (IceCv)
  11 wyverns
  A yak (shapeshifter) (D:14)
  2 chaos spawn (Depths:1)
  2 spectral komodo dragons (Lair:4)
  5 redbacks
  2 basilisks (Lair:3)
  2 neqoxecs (Pan)
  3 fire elementals
  9 vampire mosquitoes
  4 wargs
  A faun zombie (Crypt:2)
  3 harpy simulacra (IceCv)
  Edmund (D:4)
  A yaktaur simulacrum (Vaults:3)
  8 minotaur simulacra (IceCv)
  51 nagas
  An acid dragon (D:11)
  A hell hound (D:10)
  23 water moccasins
  3 floating eyes
  3 ice beasts
  27 orc warriors
  A snapping turtle zombie (Crypt:1)
  A meliai simulacrum (D:14)
  A swamp drake (D:10)
  A sky beast (D:7)
  A black bear (Lair:3)
  A water nymph skeleton (Crypt:1)
  2 boulder beetle simulacra (Lair:4)
  4 ettin simulacra (IceCv)
  An alligator simulacrum (IceCv)
  A black mamba simulacrum (Lair:4)
  6 necrophages
  28 ogres
  9 wolves
  19 centaurs
  2 phantoms (D:6)
  3 lemures
  Blork the orc (D:6)
  6 kobold brigands
  A yaktaur zombie (Crypt:2)
  A draconian zombie (Crypt:1)
  15 bullfrogs
  An earth elemental (Elf:2)
  A scorpion (D:3)
  2 gnoll sergeants (D:9)
  2 human skeletons
  A glowing shapeshifter simulacrum (Vaults:4)
  2 wyvern skeletons
  3 deep troll simulacra (IceCv)
  2 lindwurm simulacra (IceCv)
  A water moccasin skeleton (D:5)
  4 killer bees
  8 wights
  A vampire bat (D:4)
  A human simulacrum (Vaults:4)
  2 howler monkeys
  2 lava snakes (D:10)
  6 centaur zombies
  A black bear zombie (Crypt:1)
  9 hounds
  3 bullfrog skeletons
  A bullfrog zombie (D:6)
  2 centaur skeletons
  14 orc priests
  2 scorpion zombies
  5 iguanas
  25 orc wizards
  6 hell rats (Lair:4)
  A killer bee zombie (D:5)
  3 small abominations (Crypt:3)
  2 naga zombies
  An ogre zombie (Crypt:2)
  Robin (D:3)
  9 gnolls
  A howler monkey skeleton (D:5)
  9 adders
  A white imp (D:8)
  2 ufetubi
  An adder skeleton (D:5)
  2 worms
  2 dart slugs
  84 orcs
  7 ball pythons
  2 endoplasms
  11 goblins
  8 hobgoblins
  14 kobolds
  5 quokkas
  A ball python skeleton (Crypt:2)
  13 bats
  2 frilled lizards
  A jackal skeleton (Crypt:1)
  A quokka skeleton (D:4)
  A quokka zombie (Crypt:1)
  3 rats
  4 bushes (Depths:3)
  4 fire vortices
  2 tentacles (Shoals:1)
2500 creatures vanquished.

Vanquished Creatures (collateral kills)
  A green death (Pan)
  A demonic crawler (Pan)
2 creatures vanquished.

Vanquished Creatures (others)
  A Brimstone Fiend (Pan)
  A fire giant (Depths:1)
  A merfolk aquamancer (Shoals:4)
  A deep elf knight (Elf:1)
  2 deep elf pyromancers
  2 manticores
  A water elemental (Elf:3)
  A human (D:14)
  A naga (Snake:2)
  2 orc warriors
  2 orc wizards
  36 bushes
  2 fire vortices
  33 fungi
  230 plants
  2 tentacles (Shoals:1)
318 creatures vanquished.

Grand Total: 2820 creatures vanquished

Notes
Turn   | Place    | Note
-------+----------+-------------------------------------------
     0 | D:1      | AarnesTheHuman the Gnoll Fighter began the quest for the
                  | Orb.
     0 | D:1      | Reached XP level 1. HP: 23/23 MP: 1/1
   804 | D:2      | Reached XP level 2. HP: 29/29 MP: 2/2
   928 | D:2      | Reached XP level 3. HP: 35/35 MP: 3/3
   990 | D:2      | Reached skill level 1 in Invocations
  1199 | D:2      | Reached skill level 1 in Short Blades
  1199 | D:2      | Reached skill level 1 in Long Blades
  1199 | D:2      | Reached skill level 1 in Maces & Flails
  1199 | D:2      | Reached skill level 1 in Polearms
  1199 | D:2      | Reached skill level 1 in Staves
  1199 | D:2      | Reached skill level 1 in Slings
  1199 | D:2      | Reached skill level 1 in Bows
  1199 | D:2      | Reached skill level 1 in Crossbows
  1199 | D:2      | Reached skill level 1 in Throwing
  1199 | D:2      | Reached skill level 1 in Dodging
  1199 | D:2      | Reached skill level 1 in Stealth
  1199 | D:2      | Reached skill level 1 in Unarmed Combat
  1199 | D:2      | Reached skill level 1 in Spellcasting
  1199 | D:2      | Reached skill level 1 in Evocations
  1482 | D:3      | Noticed a scorpion
  1491 | D:3      | Killed a scorpion
  1492 | D:3      | Reached skill level 1 in Conjurations
  1492 | D:3      | Reached skill level 1 in Hexes
  1492 | D:3      | Reached skill level 1 in Summonings
  1492 | D:3      | Reached skill level 1 in Necromancy
  1492 | D:3      | Reached skill level 1 in Translocations
  1492 | D:3      | Reached skill level 1 in Transmutations
  1492 | D:3      | Reached skill level 1 in Fire Magic
  1492 | D:3      | Reached skill level 1 in Ice Magic
  1492 | D:3      | Reached skill level 1 in Air Magic
  1492 | D:3      | Reached skill level 1 in Earth Magic
  1492 | D:3      | Reached skill level 1 in Poison Magic
  1492 | D:3      | Reached XP level 4. HP: 21/41 MP: 5/5
  1818 | D:3      | Found Soll's Armour Emporium.
  1857 | D:3      | Found a faded altar of an unknown god.
  1904 | D:3      | Reached XP level 5. HP: 47/47 MP: 6/6
  1935 | D:3      | Noticed Robin
  1962 | D:3      | Killed Robin
  2672 | D:4      | Noticed Edmund
  2769 | D:4      | Found Umolyat's Lightly-Used Armoury.
  2777 | D:4      | Bought a -2 triple crossbow for 1 gold piece
  3260 | D:4      | Killed Edmund
  3261 | D:4      | Reached skill level 5 in Axes
  3261 | D:4      | Reached skill level 2 in Crossbows
  3261 | D:4      | Reached XP level 6. HP: 48/53 MP: 7/9
  3763 | D:5      | Entered Level 5 of the Dungeon
  3763 | D:5      | Noticed an ice beast
  3772 | D:5      | Killed an ice beast
  3773 | D:5      | Reached XP level 7. HP: 60/60 MP: 10/10
  4201 | D:4      | Found Umolyat's Lightly-Used Armoury.
  4553 | D:5      | Reached XP level 8. HP: 67/67 MP: 12/12
  4560 | D:5      | Reached skill level 3 in Crossbows
  5297 | D:5      | Reached XP level 9. HP: 45/72 MP: 14/14
  5601 | D:6      | Noticed Blork the orc
  5604 | D:6      | Killed Blork the orc
  5643 | D:6      | Reached skill level 4 in Crossbows
  5898 | D:6      | Found a shadowy altar of Dithmenos.
  5927 | D:6      | Found a large runed translucent door.
  5940 | D:6      | Found a large runed translucent door.
  6433 | D:6      | Found a blossoming altar of Fedhas.
  6664 | D:6      | Found a bloodstained altar of Trog.
  6672 | D:6      | Found a blossoming altar of Fedhas.
  6704 | D:6      | Found a shadowy altar of Dithmenos.
  7287 | D:7      | Reached skill level 5 in Invocations
  7580 | D:7      | Noticed Harold
  7596 | D:7      | Killed Harold
  7597 | D:7      | Reached XP level 10. HP: 71/80 MP: 15/17
  7689 | D:6      | Reached skill level 5 in Short Blades
  7689 | D:6      | Reached skill level 5 in Long Blades
  7689 | D:6      | Reached skill level 5 in Maces & Flails
  7689 | D:6      | Reached skill level 5 in Polearms
  7689 | D:6      | Reached skill level 5 in Staves
  7689 | D:6      | Reached skill level 5 in Slings
  7689 | D:6      | Reached skill level 5 in Bows
  7689 | D:6      | Reached skill level 5 in Crossbows
  7689 | D:6      | Reached skill level 5 in Throwing
  7689 | D:6      | Reached skill level 5 in Dodging
  7689 | D:6      | Reached skill level 5 in Stealth
  7689 | D:6      | Reached skill level 5 in Unarmed Combat
  7689 | D:6      | Reached skill level 5 in Spellcasting
  7689 | D:6      | Reached skill level 5 in Evocations
  8149 | D:7      | Found a staircase to the Ecumenical Temple.
  8682 | Temple   | Entered the Ecumenical Temple
  8920 | Temple   | Became a worshipper of Warmaster Okawaru
  9170 | D:8      | Found a staircase to the Lair.
  9230 | D:8      | Reached * piety under Okawaru
  9365 | D:8      | Found a flagged portal.
  9387 | Bailey   | Entered a bailey
 10024 | Bailey   | Noticed an orc knight
 10024 | Bailey   | Noticed an orc knight
 10125 | Bailey   | Identified the +9 whip "Hoph" {flame, SInv}
 10141 | Bailey   | Killed an orc knight
 10141 | Bailey   | Reached ** piety under Okawaru
 10142 | Bailey   | Reached XP level 11. HP: 58/87 MP: 19/19
 10455 | Bailey   | Killed an orc knight
 10456 | Bailey   | Reached skill level 6 in Crossbows
 11295 | Lair:1   | Entered Level 1 of the Lair of Beasts
 11307 | Lair:1   | Reached skill level 5 in Conjurations
 11307 | Lair:1   | Reached skill level 5 in Hexes
 11307 | Lair:1   | Reached skill level 5 in Summonings
 11307 | Lair:1   | Reached skill level 5 in Necromancy
 11307 | Lair:1   | Reached skill level 5 in Translocations
 11307 | Lair:1   | Reached skill level 5 in Transmutations
 11307 | Lair:1   | Reached skill level 5 in Fire Magic
 11307 | Lair:1   | Reached skill level 5 in Ice Magic
 11307 | Lair:1   | Reached skill level 5 in Air Magic
 11307 | Lair:1   | Reached skill level 5 in Earth Magic
 11307 | Lair:1   | Reached skill level 5 in Poison Magic
 11530 | Lair:1   | Noticed a catoblepas
 11545 | Lair:1   | Killed a catoblepas
 11720 | Lair:1   | Reached *** piety under Okawaru
 11997 | Lair:1   | Received a gift from Okawaru
 12123 | Lair:1   | Found a transporter.
 12283 | Lair:1   | Found a transporter.
 12285 | Lair:1   | Noticed a swamp dragon
 12286 | Lair:1   | Noticed a swamp dragon
 12287 | Lair:1   | Noticed a swamp dragon
 12511 | Lair:1   | You are sucked into a shaft and drop 1 floor!
 12598 | Lair:2   | Reached **** piety under Okawaru
 13185 | Lair:2   | Received a gift from Okawaru
 13186 | Lair:2   | Reached XP level 12. HP: 87/96 MP: 22/22
 13332 | Lair:2   | Noticed a four-headed hydra
 13336 | Lair:2   | Killed a four-headed hydra
 13337 | Lair:2   | Reached skill level 7 in Crossbows
 13624 | Lair:2   | Reached ***** piety under Okawaru
 14468 | Lair:3   | Noticed a seven-headed hydra
 14477 | Lair:3   | Killed a seven-headed hydra
 14502 | Lair:3   | Identified the +9 lajatang of Mastery {drain, rPois rF++
                  | Dex-2 Stlth+} (Okawaru gifted it to you on level 3 of the
                  | Lair of Beasts)
 14502 | Lair:3   | Received a gift from Okawaru
 14773 | Lair:3   | Found a staircase to the Shoals.
 15265 | Lair:4   | Noticed a seven-headed hydra
 15280 | Lair:3   | Killed a seven-headed hydra
 15281 | Lair:3   | Reached skill level 10 in Fighting
 15281 | Lair:3   | Reached skill level 10 in Armour
 15281 | Lair:3   | Reached skill level 10 in Shields
 15628 | Lair:4   | Found a runed translucent gate.
 15628 | Lair:4   | Found a runed translucent gate.
 15628 | Lair:4   | Found a runed translucent gate.
 15697 | Lair:4   | Noticed Snorg
 15713 | Lair:4   | Killed Snorg
 16409 | Lair:4   | Reached XP level 13. HP: 61/103 MP: 24/24
 16652 | Lair:4   | Received a gift from Okawaru
 16666 | Lair:4   | Found a staircase to the Snake Pit.
 17071 | Lair:4   | Noticed Aricsoirch's ghost (journeyman GrFi)
 17120 | Lair:5   | Reached skill level 8 in Crossbows
 17370 | Lair:5   | Found a staircase to the Slime Pits.
 17371 | Lair:5   | Found a viscous altar of Jiyva.
 17862 | Lair:6   | Entered Level 6 of the Lair of Beasts
 17982 | Lair:6   | Received a gift from Okawaru
 17982 | Lair:6   | Reached ****** piety under Okawaru
 18792 | Lair:5   | Found a staircase to the Slime Pits.
 18792 | Lair:5   | Found a viscous altar of Jiyva.
 19937 | Lair:5   | Received a gift from Okawaru
 20385 | Lair:6   | Received a gift from Okawaru
 20501 | Lair:6   | Identified the +13 plate armour of the Devil {rPois Str+7
                  | SInv} (Okawaru gifted it to you on level 6 of the Lair of
                  | Beasts)
 20501 | Lair:6   | Received a gift from Okawaru
 20502 | Lair:6   | Reached skill level 10 in Axes
 20502 | Lair:6   | Reached XP level 14. HP: 92/113 MP: 26/26
 20954 | Lair:6   | Reached skill level 9 in Crossbows
 21057 | Lair:6   | Paralysed by a hornet for 2 turns
 21982 | Lair:3   | Killed Aricsoirch's ghost
 21983 | Lair:3   | Reached skill level 10 in Invocations
 22534 | D:9      | Noticed Pikel
 22563 | D:9      | Killed Pikel
 22580 | D:9      | Found an opulent altar of Gozag.
 23101 | D:10     | Entered Level 10 of the Dungeon
 23378 | D:10     | Received a gift from Okawaru
 23400 | D:10     | Identified the +4 falchion of Usui {flame, rPois rF+}
 23445 | D:10     | Identified the +7 mace "Rifak" {pain, +Blink rElec rPois
                  | rC-}
 24820 | D:10     | Found Hieffoefue's Jewellery Boutique.
 24961 | D:10     | Found a staircase to the Orcish Mines.
 25049 | Orc:1    | Entered Level 1 of the Orcish Mines
 25196 | Orc:2    | Entered Level 2 of the Orcish Mines
 25196 | Orc:2    | Found a staircase to the Elven Halls.
 25370 | Orc:2    | Received a gift from Okawaru
 25460 | Orc:1    | Reached XP level 15. HP: 105/120 MP: 28/28
 25478 | Orc:1    | Learned a level 3 spell: Frozen Ramparts
 25481 | Orc:1    | Learned a level 2 spell: Poisonous Vapours
 25484 | Orc:1    | Learned a level 2 spell: Blink
 25900 | Orc:2    | Received a gift from Okawaru
 25955 | Orc:2    | Received a gift from Okawaru
 25999 | Orc:2    | Found Keunemp's Weapon Boutique.
 26065 | Orc:2    | Reached skill level 10 in Short Blades
 26065 | Orc:2    | Reached skill level 10 in Long Blades
 26065 | Orc:2    | Reached skill level 10 in Maces & Flails
 26065 | Orc:2    | Reached skill level 10 in Polearms
 26065 | Orc:2    | Reached skill level 10 in Staves
 26065 | Orc:2    | Reached skill level 10 in Slings
 26065 | Orc:2    | Reached skill level 10 in Bows
 26065 | Orc:2    | Reached skill level 10 in Crossbows
 26065 | Orc:2    | Reached skill level 10 in Throwing
 26065 | Orc:2    | Reached skill level 10 in Dodging
 26065 | Orc:2    | Reached skill level 10 in Stealth
 26065 | Orc:2    | Reached skill level 10 in Unarmed Combat
 26065 | Orc:2    | Reached skill level 10 in Spellcasting
 26065 | Orc:2    | Reached skill level 10 in Evocations
 26218 | Orc:2    | Found Pifeacw's Jewellery Shop.
 26231 | Orc:2    | Found Huhuviug's Assorted Antiques.
 26246 | Orc:2    | Found Jillimp's Jewellery Boutique.
 26370 | Orc:2    | Received a gift from Okawaru
 26400 | Orc:2    | Noticed Josephine
 26413 | Orc:2    | Killed Josephine
 26775 | Orc:2    | Bought a scroll labelled HURUBB BEUDETA for 23 gold pieces
 26783 | Orc:2    | Bought the ring of the Will of the Gods {Will+ MP+9 Str+5
                  | Int+2 Dex-5} for 588 gold pieces
 26783 | Orc:2    | Acquired a +0 vampiric lajatang
 27230 | Orc:1    | Found a burning altar of Makhleb.
 27624 | D:11     | Received a gift from Okawaru
 28875 | D:12     | Received a gift from Okawaru
 29578 | D:12     | Received a gift from Okawaru
 29766 | D:13     | Noticed Frances
 29994 | D:12     | Received a gift from Okawaru
 30228 | D:13     | Killed Frances
 30229 | D:13     | Reached XP level 16. HP: 69/128 MP: 30/30
 30599 | D:12     | Received a gift from Okawaru
 31404 | D:14     | Noticed Urug
 31410 | D:14     | Noticed Rupert
 31414 | D:14     | Killed Urug
 31609 | D:14     | Found a gate to the Vaults.
 32505 | D:14     | Killed Rupert
 32634 | D:14     | You fall into a shaft and drop 1 floor!
 32634 | D:15     | Entered Level 15 of the Dungeon
 33695 | D:15     | Reached skill level 11 in Crossbows
 33698 | D:15     | Identified the +4 chain mail of Dogma {Will+} (Okawaru
                  | gifted it to you on level 15 of the Dungeon)
 33698 | D:15     | Received a gift from Okawaru
 33969 | D:15     | Found a staircase to the Depths.
 34002 | D:15     | Found Amisec's Armour Emporium.
 34044 | D:15     | Bought the +1 helmet of Resourcefulness {rN+ Will+ Str+3}
                  | for 521 gold pieces
 34775 | Snake:1  | Entered Level 1 of the Snake Pit
 35471 | Lair:1   | Identified the -1 buckler "Wub Ce Uxki" {Int+5}
 37451 | Snake:2  | Reached XP level 17. HP: 136/136 MP: 32/32
 38274 | Snake:2  | Received a gift from Okawaru
 41060 | Snake:3  | Reached skill level 10 in Conjurations
 41060 | Snake:3  | Reached skill level 10 in Hexes
 41060 | Snake:3  | Reached skill level 10 in Summonings
 41060 | Snake:3  | Reached skill level 10 in Necromancy
 41060 | Snake:3  | Reached skill level 10 in Translocations
 41060 | Snake:3  | Reached skill level 10 in Transmutations
 41060 | Snake:3  | Reached skill level 10 in Fire Magic
 41060 | Snake:3  | Reached skill level 10 in Ice Magic
 41060 | Snake:3  | Reached skill level 10 in Air Magic
 41060 | Snake:3  | Reached skill level 10 in Earth Magic
 41060 | Snake:3  | Reached skill level 10 in Poison Magic
 41214 | Snake:3  | Received a gift from Okawaru
 41625 | Snake:4  | Entered Level 4 of the Snake Pit
 41641 | Snake:3  | Received a gift from Okawaru
 42445 | Snake:4  | Learned a level 4 spell: Sticky Flame
 42450 | Snake:4  | Learned a level 4 spell: Hailstorm
 42455 | Snake:4  | Learned a level 4 spell: Olgreb's Toxic Radiance
 42460 | Snake:4  | Learned a level 4 spell: Passage of Golubria
 42475 | Snake:4  | Received a gift from Okawaru
 42478 | Snake:4  | Reached skill level 12 in Crossbows
 43320 | Snake:4  | Got Kikubaaqudgha's Grimoire of Necromancy
 43437 | Snake:4  | Identified the +11 chain mail of Genetrask {rPois rF+ rN+++
                  | Int-2} (Okawaru gifted it to you on level 4 of the Snake
                  | Pit)
 43437 | Snake:4  | Received a gift from Okawaru
 43454 | Snake:4  | Reached XP level 18. HP: 136/144 MP: 34/34
 43588 | Snake:4  | Found Hockacaa's Humungous Hoard.
 43596 | Snake:4  | Bought a potion of haste for 180 gold pieces
 45766 | Snake:4  | Got a serpentine rune of Zot
 46152 | Shoals:1 | Entered Level 1 of the Shoals
 46152 | Shoals:1 | You fall into a shaft and drop 1 floor!
 46381 | Shoals:2 | Found a frozen archway.
 46395 | IceCv    | Entered an ice cave
 47784 | IceCv    | Received a gift from Okawaru
 48974 | Snake:3  | Learned a level 3 spell: Stone Arrow
 51601 | Shoals:3 | Reached XP level 19. HP: 126/152 MP: 35/35
 52557 | Shoals:3 | Found Nerrix's Book Emporium.
 52876 | Shoals:3 | Identified the +0 leather armour "Fug Saow" {Int+8 Stlth+}
 52900 | Shoals:4 | Entered Level 4 of the Shoals
 52938 | Shoals:4 | Noticed Louise
 53819 | Shoals:4 | Killed Louise
 53970 | Shoals:4 | Identified the +8 battleaxe of Blind Justice {freeze,
                  | rElec} (Okawaru gifted it to you on level 4 of the Shoals)
 53970 | Shoals:4 | Received a gift from Okawaru
 53971 | Shoals:4 | Reached skill level 13 in Crossbows
 54246 | Shoals:4 | Got a barnacled rune of Zot
 54580 | Shoals:4 | Identified the +3 longbow of Integrity {venom, Str+2}
 56221 | Vaults:1 | Entered Level 1 of the Vaults
 56287 | Vaults:1 | Received a gift from Okawaru
 56323 | Vaults:1 | Noticed Saint Roka
 56335 | Vaults:1 | Received a gift from Okawaru
 58142 | Vaults:1 | Killed Saint Roka
 58483 | Vaults:1 | Received a gift from Okawaru
 58484 | Vaults:1 | Reached XP level 20. HP: 119/161 MP: 37/37
 58655 | Vaults:1 | Found a huge runed gate.
 58656 | Vaults:1 | Found a huge runed gate.
 58665 | Vaults:1 | Found a huge runed gate.
 58667 | Vaults:1 | Found a huge runed gate.
 58668 | Vaults:1 | Found a huge runed gate.
 58669 | Vaults:1 | Found a huge runed gate.
 58669 | Vaults:1 | Found a huge runed gate.
 58669 | Vaults:1 | Found a huge runed gate.
 58669 | Vaults:1 | Found a huge runed gate.
 58670 | Vaults:1 | Found a huge runed gate.
 58673 | Vaults:1 | Found a huge runed gate.
 58673 | Vaults:1 | Found a huge runed gate.
 58673 | Vaults:1 | Found a huge runed gate.
 58673 | Vaults:1 | Found a huge runed gate.
 58673 | Vaults:1 | Found a huge runed gate.
 58673 | Vaults:1 | Found a huge runed gate.
 58674 | Vaults:1 | Found a huge runed gate.
 58675 | Vaults:1 | Found a huge runed gate.
 58676 | Vaults:1 | Found a huge runed gate.
 58698 | Vaults:1 | Found a huge runed gate.
 58698 | Vaults:1 | Found a huge runed gate.
 58698 | Vaults:1 | Found a huge runed gate.
 58698 | Vaults:1 | Found a huge runed gate.
 58698 | Vaults:1 | Found a huge runed gate.
 58698 | Vaults:1 | Found a huge runed gate.
 58699 | Vaults:1 | Found a huge runed gate.
 58700 | Vaults:1 | Found a huge runed gate.
 58701 | Vaults:1 | Found a huge runed gate.
 58709 | Vaults:1 | Found a huge runed gate.
 58709 | Vaults:1 | Found a huge runed gate.
 58709 | Vaults:1 | Found a huge runed gate.
 58709 | Vaults:1 | Found a huge runed gate.
 58709 | Vaults:1 | Found a huge runed gate.
 58709 | Vaults:1 | Found a huge runed gate.
 58709 | Vaults:1 | Found a huge runed gate.
 58710 | Vaults:1 | Found a huge runed gate.
 58865 | Vaults:1 | Identified the +1 helmet of Fallacy {rPois rF- Will++
                  | Dex+5} (Okawaru gifted it to you on level 1 of the Vaults)
 58865 | Vaults:1 | Received a gift from Okawaru
 59624 | Vaults:1 | Found a runed translucent gate.
 59624 | Vaults:1 | Found a runed translucent gate.
 59624 | Vaults:1 | Found a runed translucent gate.
 59624 | Vaults:1 | Noticed AarnesTheHuman's ghost (adept HOFi)
 59774 | Vaults:1 | Reached skill level 15 in Fighting
 59774 | Vaults:1 | Reached skill level 15 in Armour
 59774 | Vaults:1 | Reached skill level 15 in Shields
 60474 | Vaults:1 | Noticed a hellephant
 60474 | Vaults:1 | Noticed a hellephant
 62475 | Vaults:1 | Killed a hellephant
 62492 | Vaults:1 | Killed a hellephant
 62511 | Vaults:1 | Identified the +9 arbalest of Destruction {vorpal, rElec
                  | rC- Will+}
 62682 | Vaults:2 | Found Jeifur's General Store.
 62694 | Vaults:2 | Bought a scroll of magic mapping for 52 gold pieces
 62759 | Vaults:2 | Found a magical portal.
 62772 | WizLab   | Entered Tukima's Studio
 62800 | WizLab   | Identified the +6 triple crossbow "Woclaet" {speed, rElec}
 62993 | WizLab   | Identified the +6 triple crossbow "Woclaet" {speed, rElec}
 63296 | WizLab   | Reached skill level 15 in Invocations
 63318 | WizLab   | Noticed AarnesTheHuman's illusion
 64683 | Vaults:2 | Found Vycsegg's Antique Armour Boutique.
 64745 | Vaults:2 | Reached skill level 14 in Crossbows
 65208 | Vaults:2 | Identified the +1 robe of Love and Death {Harm MP-9 Dex+6}
                  | (Okawaru gifted it to you on level 2 of the Vaults)
 65208 | Vaults:2 | Received a gift from Okawaru
 65684 | Vaults:2 | Found Ytiph's Assorted Antiques.
 65765 | Vaults:2 | Identified the +1 buckler of Incorporation {rElec rCorr
                  | Int+4}
 66012 | Vaults:2 | Reached XP level 21. HP: 123/169 MP: 39/39
 66015 | Vaults:2 | Learned a level 2 spell: Wereblood
 66492 | Vaults:3 | Acquired 908 gold pieces
 66706 | Vaults:3 | Noticed Aizul
 66715 | Vaults:3 | Killed Aizul
 67300 | Vaults:3 | Reached skill level 15 in Axes
 67410 | Vaults:3 | Received a gift from Okawaru
 67644 | Vaults:3 | Received a gift from Okawaru
 67991 | Vaults:3 | Received a gift from Okawaru
 68375 | Vaults:3 | Found a staircase to the Crypt.
 68790 | Vaults:4 | Learned a level 4 spell: Dispel Undead
 68793 | Vaults:4 | Learned a level 2 spell: Passwall
 68798 | Vaults:4 | Learned a level 4 spell: Airstrike
 69313 | Vaults:4 | Received a gift from Okawaru
 69853 | Vaults:4 | Received a gift from Okawaru
 70067 | Vaults:4 | Reached XP level 22. HP: 164/178 MP: 40/40
 70707 | Vaults:4 | Received a gift from Okawaru
 71095 | Elf:1    | Entered Level 1 of the Elven Halls
 71772 | Elf:1    | Identified the +1 helmet of the Sky {rElec rC- rCorr}
                  | (Okawaru gifted it to you on level 1 of the Elven Halls)
 71772 | Elf:1    | Received a gift from Okawaru
 72049 | Elf:1    | Paralysed by an air elemental for 1 turns
 72285 | Elf:1    | Reached skill level 15 in Short Blades
 72285 | Elf:1    | Reached skill level 15 in Long Blades
 72285 | Elf:1    | Reached skill level 15 in Maces & Flails
 72285 | Elf:1    | Reached skill level 15 in Polearms
 72285 | Elf:1    | Reached skill level 15 in Staves
 72285 | Elf:1    | Reached skill level 15 in Slings
 72285 | Elf:1    | Reached skill level 15 in Bows
 72285 | Elf:1    | Reached skill level 15 in Crossbows
 72285 | Elf:1    | Reached skill level 15 in Throwing
 72285 | Elf:1    | Reached skill level 15 in Dodging
 72285 | Elf:1    | Reached skill level 15 in Stealth
 72285 | Elf:1    | Reached skill level 15 in Unarmed Combat
 72285 | Elf:1    | Reached skill level 15 in Spellcasting
 72285 | Elf:1    | Reached skill level 15 in Evocations
 73211 | Elf:2    | Noticed Asterion
 73220 | Elf:2    | Killed Asterion
 73270 | Elf:2    | Found Caug's Elven Fire.
 73737 | Elf:2    | Found a huge runed translucent gate.
 73737 | Elf:2    | Found a huge runed translucent gate.
 73737 | Elf:2    | Found a huge runed translucent gate.
 73737 | Elf:2    | Found a huge runed translucent gate.
 73737 | Elf:2    | Found a huge runed translucent gate.
 74922 | Elf:3    | Entered Level 3 of the Elven Halls
 75027 | Elf:3    | Identified the +1 war axe of Greed {venom, rElec rC++}
                  | (Okawaru gifted it to you on level 3 of the Elven Halls)
 75027 | Elf:3    | Received a gift from Okawaru
 75189 | Elf:3    | Reached skill level 15 in Ice Magic
 75625 | Elf:3    | Found a shimmering blue altar of Sif Muna.
 76512 | Elf:3    | Reached XP level 23. HP: 172/186 MP: 42/42
 76690 | Elf:3    | Identified the ring "Forch" {Drain rPois rF- MP+9 Int+7}
 76798 | Elf:3    | Identified the +2 morningstar "Spiderbane" {speed, rC+ MP-9
                  | Int+5 Stlth+}
 77029 | Elf:3    | Received a gift from Okawaru
 77086 | Elf:3    | Identified the ring of Farodi {rF+ rCorr Slay+3}
 77099 | Elf:3    | Received a gift from Okawaru
 77584 | Elf:3    | Found the +0 mask of the Dragon {Will+ Slay+3 SInv}
 77850 | Elf:3    | Learned a level 5 spell: Silence
 78064 | D:14     | Killed AarnesTheHuman's ghost
 78465 | Depths:1 | Entered Level 1 of the Depths
 78836 | Depths:1 | Found a gateway to Hell.
 78946 | Depths:1 | Noticed Nikola
 78961 | Depths:1 | Killed Nikola
 79397 | Depths:1 | Found a one-way gate leading to the halls of Pandemonium.
 79510 | Depths:1 | Found a one-way gate to the infinite horrors of the Abyss.
 80393 | Depths:1 | Reached skill level 16 in Crossbows
 80532 | Depths:2 | Noticed a golden dragon
 81274 | Depths:2 | Noticed a golden dragon
 81520 | Depths:1 | Killed a golden dragon
 82136 | Depths:2 | Received a gift from Okawaru
 82141 | Depths:2 | Found a one-way gateway to a ziggurat.
 82158 | Depths:2 | Killed a golden dragon
 82737 | Depths:2 | Noticed a golden dragon
 82751 | Depths:2 | Noticed a caustic shrike
 82753 | Depths:2 | Killed a golden dragon
 82765 | Depths:2 | Killed a caustic shrike
 82765 | Depths:2 | Received a gift from Okawaru
 83227 | Depths:2 | Reached XP level 24. HP: 189/195 MP: 43/43
 83441 | Depths:2 | Noticed a juggernaut
 83455 | Depths:2 | Killed a juggernaut
 83622 | Depths:2 | Found a white marble altar of Elyvilon.
 83689 | Depths:2 | Received a gift from Okawaru
 84355 | Depths:3 | Identified the +4 scale mail of Xealuf {rCorr} (Okawaru
                  | gifted it to you on level 3 of the Depths)
 84355 | Depths:3 | Received a gift from Okawaru
 86659 | Depths:3 | Reached skill level 17 in Crossbows
 87039 | Depths:3 | Learned a level 5 spell: Freezing Cloud
 87380 | Depths:3 | Identified the ring of Fyurorph {rCorr Str+6 Int+3 Slay+2}
 87591 | Depths:3 | Identified the +8 shadow dragon scales "Plog" {Will++
                  | Stlth++++}
 88068 | Depths:3 | Identified the +1 scale mail "Zaupnacw" {rPois Str-4 Int+4
                  | Stlth+}
 88143 | Depths:4 | Entered Level 4 of the Depths
 88189 | Depths:4 | Noticed Margery
 88201 | Depths:4 | Killed Margery
 88370 | Depths:3 | Learned a level 5 spell: Borgnjor's Vile Clutch
 88441 | Depths:4 | Received a gift from Okawaru
 89273 | Depths:4 | Found a gate to the Realm of Zot.
 89731 | Depths:4 | Noticed a juggernaut
 89744 | Depths:4 | Killed a juggernaut
 89745 | Depths:4 | Reached XP level 25. HP: 175/203 MP: 38/43
 89828 | Depths:4 | Noticed Boris
 89837 | Depths:4 | Killed Boris
 89837 | Depths:4 | Identified the +0 scale mail "Xueddiju" {rPois Int+6}
                  | (Okawaru gifted it to you on level 4 of the Depths)
 89837 | Depths:4 | Received a gift from Okawaru
 91163 | Vaults:5 | Entered Level 5 of the Vaults
 91356 | Vaults:4 | Reached skill level 18 in Crossbows
 94374 | Vaults:4 | Received a gift from Okawaru
 94457 | Vaults:5 | Gained mutation: Your magical capacity is low. (-10% MP) [a
                  | neqoxec]
 94458 | Vaults:5 | Gained mutation: Your body sometimes deteriorates upon
                  | taking damage. [a neqoxec]
 94928 | Vaults:5 | Noticed an ancient lich
 95001 | Vaults:5 | Killed an ancient lich
 95309 | Vaults:5 | Noticed an ancient lich
 95320 | Vaults:5 | Killed an ancient lich
 95621 | Vaults:5 | Identified the +10 mace of Hospitality {freeze, rCorr Int+4
                  | Dex+2}
 95732 | Vaults:5 | Identified the +1 robe of Perfidy {rN++ Dex-5}
 95919 | Vaults:5 | Identified the +8 hunting sling "Beskagir" {vorpal, Fly rF-
                  | rC+ SInv} (Okawaru gifted it to you on level 5 of the
                  | Vaults)
 95919 | Vaults:5 | Received a gift from Okawaru
 97231 | Vaults:5 | Reached XP level 26. HP: 213/213 MP: 39/39
 97471 | Vaults:5 | Reached skill level 19 in Crossbows
 97774 | Vaults:5 | Got a silver rune of Zot
 97776 | Vaults:5 | Identified the +6 plate armour of Wimiqepe {Contam rElec
                  | rPois Str+2}
 98213 | Vaults:5 | Identified the -6 buckler "Doecw" {rElec Str-5 Slay+3}
 98828 | D:10     | Bought a ring of protection from fire for 300 gold pieces
 99054 | Zot:1    | Entered Level 1 of the Realm of Zot
 99442 | Zot:1    | Identified the ring of Mamigrae {Fly rPois Str+6 Int-4}
 99808 | Zot:1    | Identified the +1 halberd of the Howling Seer {freeze,
                  | rCorr Dex+4} (Okawaru gifted it to you on level 1 of the
                  | Realm of Zot)
 99808 | Zot:1    | Received a gift from Okawaru
100679 | Zot:2    | Reached skill level 15 in Conjurations
100679 | Zot:2    | Reached skill level 15 in Hexes
100679 | Zot:2    | Reached skill level 15 in Summonings
100679 | Zot:2    | Reached skill level 15 in Necromancy
100679 | Zot:2    | Reached skill level 15 in Translocations
100679 | Zot:2    | Reached skill level 15 in Transmutations
100679 | Zot:2    | Reached skill level 15 in Fire Magic
100679 | Zot:2    | Reached skill level 15 in Air Magic
100679 | Zot:2    | Reached skill level 15 in Earth Magic
100679 | Zot:2    | Reached skill level 15 in Poison Magic
100812 | Zot:2    | Noticed a dread lich
101220 | Zot:2    | Identified the +0 scale mail "Kulupremm" {MP+9}
101701 | Zot:2    | Killed a dread lich
101709 | Zot:2    | Noticed a dread lich
101714 | Zot:2    | Noticed a dread lich
101722 | Zot:2    | Noticed a dread lich
101723 | Zot:2    | Killed a dread lich
101727 | Zot:2    | Killed a dread lich
101742 | Zot:2    | Killed a dread lich
102770 | Zot:3    | Found a transporter.
102773 | Zot:3    | Found the amulet of the Four Winds {rN+ Will+++ Clar}
102885 | Zot:3    | Found a transporter.
104446 | Zot:3    | Received a gift from Okawaru
105113 | Zot:4    | Received a gift from Okawaru
105697 | Zot:4    | Noticed a Killer Klown
105724 | Zot:4    | Killed a Killer Klown
105724 | Zot:4    | Identified the +6 plate armour "Taeleps" {rF+} (Okawaru
                  | gifted it to you on level 4 of the Realm of Zot)
105724 | Zot:4    | Received a gift from Okawaru
105797 | Zot:4    | Noticed a Killer Klown
106204 | Zot:4    | Killed a Killer Klown
106382 | Zot:4    | Noticed a Killer Klown
106403 | Zot:4    | Killed a Killer Klown
106885 | Zot:4    | Reached skill level 20 in Crossbows
107567 | Slime:1  | Entered Level 1 of the Pits of Slime
107697 | Slime:1  | Paralysed by a floating eye for 3 turns
108197 | Slime:1  | Reached XP level 27. HP: 170/221 MP: 40/40
108203 | Slime:1  | Learned a level 5 spell: Manifold Assault
108389 | Slime:3  | Paralysed by a floating eye for 3 turns
108779 | Slime:5  | Entered Level 5 of the Pits of Slime
108984 | Slime:5  | Found a viscous altar of Jiyva.
108985 | Slime:5  | Noticed the Royal Jelly
108986 | Slime:5  | Found the +10 tower shield of Ignorance {rN+ Int-4}
109005 | Slime:5  | Killed the Royal Jelly
109097 | Slime:5  | Got the Guide on Beguiling
109099 | Slime:5  | Got a slimy rune of Zot
109123 | Slime:5  | Identified the +3 hat "Meforos" {Str+4}
109124 | Slime:5  | Identified the ring of Jealousy {rElec Dex+6}
109175 | Slime:5  | Identified the +8 chain mail of Happy Babbling {Harm rN+
                  | Str+2}
109489 | Vaults:2 | Bought 2 silver javelins for 72 gold pieces
109490 | Vaults:2 | Acquired a book of Sloth
110112 | Vaults:1 | Lost mutation: Your magical capacity is low. (-10% MP)
                  | [potion of mutation]
110112 | Vaults:1 | Lost mutation: Your body sometimes deteriorates upon taking
                  | damage. [potion of mutation]
110112 | Vaults:1 | Gained mutation: You possess an exceptional clarity of
                  | mind. [potion of mutation]
110112 | Vaults:1 | Gained mutation: You are strong-willed. (Will+) [potion of
                  | mutation]
110345 | Temple   | Fell from the grace of Okawaru
110345 | Temple   | Became a worshipper of the Shining One
110663 | Crypt:1  | Entered Level 1 of the Crypt
110816 | Crypt:1  | Noticed a dread lich
110816 | Crypt:1  | Reached * piety under the Shining One
110828 | Crypt:1  | Killed a dread lich
110855 | Crypt:1  | Found the +6 Majin-Bo {vamp, MP+6 Int+6}
111140 | Crypt:1  | Reached ** piety under the Shining One
111150 | Crypt:1  | Found a runed translucent door.
111151 | Crypt:1  | Noticed Uleskiuh's ghost (master GnTm)
111403 | Crypt:1  | Reached *** piety under the Shining One
111757 | Crypt:2  | Identified the +1 hunting sling "Yhuthrap" {venom, rElec
                  | Will++ Str+4}
112056 | Crypt:2  | Reached **** piety under the Shining One
112446 | Crypt:3  | Entered Level 3 of the Crypt
112509 | Crypt:3  | Reached ***** piety under the Shining One
112787 | Crypt:3  | Found an ancient bone altar of Kikubaaqudgha.
112845 | Crypt:3  | Reached ****** piety under the Shining One
112855 | Crypt:3  | Identified a +5 broad axe of holy wrath (a +3 broad axe of
                  | flaming blessed by the Shining One)
112855 | Crypt:3  | Received a gift from the Shining One
113642 | Crypt:3  | Noticed Jory
113642 | Crypt:3  | Noticed Boris
113652 | Crypt:3  | Reached skill level 21 in Crossbows
113653 | Crypt:3  | Killed Boris
113658 | Crypt:3  | Killed Jory
114443 | Crypt:3  | Found a staircase to the Tomb.
114476 | Crypt:3  | Got Khufu's Guide on Black Rites
115589 | Vaults:3 | Acquired 887 gold pieces
115591 | Vaults:3 | Acquired 583 gold pieces
115595 | Vaults:3 | Acquired 878 gold pieces
115688 | Vaults:2 | Bought a scroll of teleportation for 126 gold pieces
115696 | Vaults:2 | Learned a level 7 spell: Ozocubu's Refrigeration
117047 | Pan      | Entered Pandemonium
117050 | Pan      | Gained mutation: Your body sometimes deteriorates upon
                  | taking damage. [a cacodemon]
117059 | Pan      | Gained mutation: You occasionally shout uncontrollably at
                  | your foes. [a cacodemon]
117111 | Pan      | Found an exit through the horrors of the Abyss.
117229 | Pan      | Noticed Usil the pandemonium lord
117244 | Pan      | Killed Usil the pandemonium lord
117277 | Pan      | Entered the realm of Cerebov.
117537 | Pan      | Learned a level 3 spell: Ozocubu's Armour
117558 | Pan      | Identified the +4 morningstar of Jibarcho {vorpal, Int+3}
117603 | Pan      | Found the +6 sword of Cerebov {flame}
117603 | Pan      | Noticed Cerebov
117647 | Pan      | Mangled by Cerebov

Illustrated notes

Levels and vault maps discovered:
D:1:      dpeg_arrival_rooms_b, layout_loops_ring, serial_bayou_lagoon_b
D:2:      layout_basic
D:3:      layout_loops_ring, basic_ecumenical_altar, serial_shops,
          nicolae_shop_hallway_plus, uniq_robin
D:4:      layout_gridville, chequers_serial_rivers_micro_a,
          kennysheep_small_spiral, minmay_shop_damaged, roderic_batcave,
          uniq_edmund
D:5:      layout_cave_pods, serial_park, serial_park_paths
          [serial_park_minivault_5x5_6], serial_park_square1
          [serial_park_minivault_5x5_3], serial_park_tiny_1, serial_park_square3
          [serial_park_minivault_5x5_7], st_stairs_6
D:6:      kb_forest_paths, layout_loops_cross,
          grunt_dithmenos_smoke_and_mirrors, jmf_multi_god_temple2,
          uniq_blork_the_orc
D:7:      layout_loops_ring, minmay_temple_entry_antechambers,
          small_statue_intersection, uniq_harold
D:8:      layout_loops_ring, erik_lair_orcish_takeover, enter_bailey_7,
          grunt_decor_junction
D:9:      layout_layer_cave, lemuel_doored_altar, uniq_pikel
D:10:     hangedman_cross_cluster, layout_loops_ring, erik_orc_1, serial_shops,
          kennysheep_little_box, kennysheep_nondescript, hangedman_incinerator
D:11:     minmay_razor_zed, layout_irregular_city
D:12:     layout_roguey
D:13:     layout_cave_pools, amcnicky_mini_rare_corridor_liquid, uniq_frances
D:14:     minmay_polygon_palace, layout_loops_corners, david_vaults_3,
          dk_noncrumbling_2
D:15:     hangedman_depths_entry_civil_slaughter, layout_basic, serial_shops,
          shop, gauntlet_entry_generic, patterned_corridor
Temple:   dpeg_five_rooms_temple
Lair:1:   gammafunk_cloud_chamber, layout_gridlike, serial_bayou_shore_b
Lair:2:   layout_small_grid, grunt_megastairs_5
Lair:3:   layout_chaotic_city, minmay_shoals_entry_centaurs,
          infiniplex_staircase_pool_2
Lair:4:   layout_gridlike, minmay_snake_entry_guardpost_medium,
          gammafunk_ghost_necromancy, grunt_megastairs_1, uniq_snorg
Lair:5:   layout_long_grid, slime_altar_1
Lair:6:   hangedman_lair_tendril_chambers, layout_cave_shapes,
          serial_bayou_shore_b
Shoals:1: nicolae_shoals_island_circles, layout_shoals,
          nicolae_shoals_lost_giant_pillars
Shoals:2: layout_shoals, portal_ice_cave_entry_ice_statue_one
Shoals:3: layout_shoals, serial_shops, shop_fountains, nicolae_splish_splash
Shoals:4: shoals_end_simple, layout_shoals, uniq_louise
Snake:1:  layout_concentric_octagons
Snake:2:  layout_grid_maze, special_room
Snake:3:  layout_misc_corridors, nicolae_snake_snakes_in_the_grass
Snake:4:  minmay_snake_end_coiled, layout_misc_corridors,
          nicolae_alphabet_shops, serial_bayou_shore_a
Slime:1:  layout_caves
Slime:2:  layout_caves
Slime:3:  layout_caves
Slime:4:  layout_caves
Slime:5:  uniq_dissolution
Orc:1:    layout_caves, bloody_makhleb
Orc:2:    st_orc_open, layout_diamond_mine, uniq_josephine, uniq_urug
Elf:1:    elf_arrival_001, layout_onion_city, minmay_elf_necromancy
Elf:2:    elven_hall_of_blades_hangedman_alternative [nicolae_blade_tridents],
          layout_onion_city, guppyfry_elf_lava, uniq_asterion
Elf:3:    minmay_elf_hall_x, layout_loops_corners, basic_altar
Vaults:1: gammafunk_ghost_split, v_misc_8, hangedman_vaults_pinch,
          vaults_dpeg_doors, not_door_vault_due, vaults_dpeg_ring, v_rooms_4,
          v_pattern_4, hangedman_vaults_corner_blocks, grunt_vaults_focal,
          vaults_room_corners, ontoclasm_vaults_decontamination,
          layout_vaults_ring, uniq_saint_roka
Vaults:2: mu_enter_wizlab_6, v_misc_13, grunt_vaults_funnel,
          grunt_vaults_trifunnel, ontoclasm_vaults_gateway, vaults_mumra_lcd,
          nicolae_vaults_yaktaur_gun_rack, st_diamondy, v_misc_18,
          vaults_room_door_hall, v_misc_27, ontoclasm_vaults_shuriken, v_misc_8,
          layout_vaults_maze, serial_shops, nicolae_shop_window_shopping,
          nicolae_square_shop, shop
Vaults:3: vaults_mumra_minichess, minmay_crypt_entry_simple_round, v_misc_29,
          ontoclasm_vaults_pinch, nicolae_vaults_mini_display_case, st_check,
          nicolae_vaults_puzzle_piece, vaults_standard_mumra_x, v_misc_27,
          ontoclasm_vaults_claustrophobia, grunt_vaults_hallway_short,
          layout_vaults_big_room, uniq_aizul
Vaults:4: v_alt_pattern_6, grunt_vaults_hallway_short, vaults_room_fours,
          v_alt_pattern_3, hangedman_vaults_corner, v_alt_pattern_4,
          ontoclasm_vaults_bender, nicolae_vaults_network_quinsquares
          [nicolae_vaults_network_quincunx_subvault,
          nicolae_vaults_network_quincunx_subvault,
          nicolae_vaults_network_quincunx_subvault,
          nicolae_vaults_network_quincunx_subvault], nicolae_vaults_murderbox,
          layout_vaults_omnibox
Vaults:5: serial_shops
Crypt:1:  minmay_guarded_unrand_majin_bo, layout_chaotic_city,
          ebering_ghost_reflecting_pool
Crypt:2:  layout_gridlike
Crypt:3:  grunt_crypt_end_deaths_head
Depths:1: layout_honeycomb, hell_entry, grunt_pan_entry_spiral, serial_sigils,
          serial_sigils_hangedman_gnaw, serial_sigils_hangedman_writhe,
          serial_sigils_hangedman_gut, serial_sigils_hangedman_confine,
          serial_sigils_hangedman_scratch, serial_sigils_hangedman_clutch,
          abyss_entry, grunt_ministairs_8, uniq_nikola
Depths:2: nicolae_legendary_halls, layout_cave_pools, enter_ziggurat_b,
          grunt_hell_entry_dis_old, nicolae_elyvilon_peaceful_grove, pan_entry,
          drop_trap, minmay_statues_item, serial_bayou_shore_b
Depths:3: hangedman_six_sided_sadism, layout_basic, hell_entry,
          minmay_hedge_maze, abyss_entry, lightli_corner_chamber
Depths:4: grunt_zot_entry_bicorn, layout_gridville, hell_entry,
          serial_sigils_hangedman_carve, uniq_boris, uniq_margery
Zot:1:    layout_concentric_octagons, st_single_dragon_hoard_3
Zot:2:    hellmonk_paralyzer, layout_basic
Zot:3:    gammafunk_dig_for_victory, layout_basic, hangedman_hellfire_club
Zot:4:    circus_mu, layout_concentric_octagons
Pan:      rand_demon_6, layout_gridlike, evilmike_cerebov_lava,
          layout_irregular_city, pan_blood_fountain

Skill      XL: |  1  2  3  4  5  6  7  8  9 10 11 12 13 14 15 16 17 18 19 20 21 22 23 24 25 26 27 |
---------------+----------------------------------------------------------------------------------+-----
Invocations    | 1 2 3 4 5 6 7 8 9 10 11 12 13 14 15 16 17 18 19 20 | 20.4
Short Blades   | 1 2 3 4 5 6 7 8 9 10 11 12 13 14 15 16 17 18 | 18.9
Long Blades    | 1 2 3 4 5 6 7 8 9 10 11 12 13 14 15 16 17 18 | 18.9
Maces & Flails | 1 2 3 4 5 6 7 8 9 10 11 12 13 14 15 16 17 18 | 18.9
Polearms       | 1 2 3 4 5 6 7 8 9 10 11 12 13 14 15 16 17 18 | 18.9
Staves         | 1 2 3 4 5 6 7 8 9 10 11 12 13 14 15 16 17 18 | 18.9
Slings         | 1 2 3 4 5 6 7 8 9 10 11 12 13 14 15 16 17 18 | 18.9
Bows           | 1 2 3 4 5 6 7 8 9 10 11 12 13 14 15 16 17 18 | 18.9
Crossbows      | 1 2 3 4 5 6 7 8 9 10 11 12 13 14 15 16 17 18 20 21 | 21.5
Throwing       | 1 2 3 4 5 6 7 8 9 10 11 12 13 14 15 16 17 18 19 | 19.5
Dodging        | 1 2 3 4 5 6 7 8 9 10 11 12 13 14 15 16 17 18 | 18.9
Stealth        | 1 2 3 4 5 6 7 8 9 10 11 12 13 14 15 16 17 18 | 18.9
Unarmed Combat | 1 2 3 4 5 6 7 8 9 10 11 12 13 14 15 16 17 18 | 18.9
Spellcasting   | 1 2 3 4 5 6 7 8 9 10 11 12 13 14 15 16 17 18 | 18.9
Evocations     | 1 2 3 4 5 6 7 8 9 10 11 12 13 14 15 16 17 18 | 18.9
Conjurations   | 1 2 3 4 5 6 7 8 9 10 11 12 13 14 15 16 | 16.1
Hexes          | 1 2 3 4 5 6 7 8 9 10 11 12 13 14 15 16 | 16.1
Summonings     | 1 2 3 4 5 6 7 8 9 10 11 12 13 14 15 16 | 16.1
Necromancy     | 1 2 3 4 5 6 7 8 9 10 11 12 13 14 15 16 | 16.1
Translocations | 1 2 3 4 5 6 7 8 9 10 11 12 13 14 15 16 | 16.1
Transmutations | 1 2 3 4 5 6 7 8 9 10 11 12 13 14 15 16 | 16.1
Fire Magic     | 1 2 3 4 5 6 7 8 9 10 11 12 13 14 15 16 | 16.1
Ice Magic      | 1 2 3 4 5 6 7 8 9 10 11 12 13 14 15 16 17 18 19 | 19.9
Air Magic      | 1 2 3 4 5 6 7 8 9 10 11 12 13 14 15 16 | 16.1
Earth Magic    | 1 2 3 4 5 6 7 8 9 10 11 12 13 14 15 16 | 16.1
Poison Magic   | 1 2 3 4 5 6 7 8 9 10 11 12 13 14 15 16 | 16.1
Axes           | 5 6 7 8 9 10 11 12 13 14 15 16 17 18 19 | 19.4
Fighting       | 7 8 9 10 11 12 13 14 15 16 17 18 19 | 19.8
Armour         | 7 8 9 10 11 12 13 14 15 16 17 18 19 | 19.8
Shields        | 7 8 9 10 11 12 13 14 15 16 17 18 19 | 19.8

Action                   |  1- 3 |  4- 6 |  7- 9 | 10-12 | 13-15 | 16-18 | 19-21 | 22-24 | 25-27 || total
-------------------------+-------+-------+-------+-------+-------+-------+-------+-------+-------++-------
Melee: War axe           |    91 |   109 |       |       |       |       |       |    27 |    78 ||   305
       Bite              |     1 |     9 |    37 |    41 |    94 |   109 |   191 |   161 |   214 ||   857
       Flail             |       |       |   271 |   149 |       |       |       |       |       ||   420
       Whip              |       |       |       |    62 |       |       |     3 |    13 |       ||    78
       Lajatang          |       |       |       |    63 |   614 |   751 |       |       |       ||  1428
       Executioner's axe |       |       |       |       |    10 |       |       |       |       ||    10
       Mace              |       |       |       |       |       |     9 |       |       |       ||     9
       Broad axe         |       |       |       |       |       |    86 |  1128 |   862 |  1044 ||  3120
       Demon trident     |       |       |       |       |       |       |       |     6 |       ||     6
 Fire: Triple crossbow   |       |    11 |       |       |       |       |    11 |       |       ||    22
       Hand crossbow     |       |    13 |    59 |   405 |   639 |   496 |   268 |   595 |   539 ||  3014
       Arbalest          |       |       |       |       |       |   128 |       |       |       ||   128
Throw: Dart              |       |       |       |       |     1 |       |       |       |       ||     1
       Boomerang         |       |       |       |       |       |    52 |   118 |    76 |   108 ||   354
       Javelin           |       |       |       |       |       |    10 |    11 |     7 |    26 ||    54
       Throwing net      |       |       |       |       |       |       |     2 |     1 |     2 ||     5
 Cast: Frozen Ramparts   |       |       |       |       |     7 |    39 |    62 |    80 |    56 ||   244
       Poisonous Vapours |       |       |       |       |     7 |       |     3 |    32 |     5 ||    47
       Passage of Golubr |       |       |       |       |       |       |     5 |     8 |       ||    13
       Olgreb's Toxic Ra |       |       |       |       |       |       |    15 |    54 |    20 ||    89
       Wereblood         |       |       |       |       |       |       |    15 |    28 |    15 ||    58
       Stone Arrow       |       |       |       |       |       |       |       |    54 |     4 ||    58
       Dispel Undead     |       |       |       |       |       |       |       |    50 |     6 ||    56
       Sticky Flame      |       |       |       |       |       |       |       |    15 |     5 ||    20
       Borgnjor's Vile C |       |       |       |       |       |       |       |    11 |   116 ||   127
       Freezing Cloud    |       |       |       |       |       |       |       |     5 |     7 ||    12
       Passwall          |       |       |       |       |       |       |       |     1 |       ||     1
       Manifold Assault  |       |       |       |       |       |       |       |       |    26 ||    26
       Ozocubu's Refrige |       |       |       |       |       |       |       |       |     1 ||     1
Invok: Heroism           |       |       |       |       |     1 |     9 |     6 |     1 |     1 ||    18
       Finesse           |       |       |       |       |     1 |     5 |     5 |     5 |     3 ||    19
       Summon Divine War |       |       |       |       |       |       |       |       |     3 ||     3
       Cleansing Flame   |       |       |       |       |       |       |       |       |     2 ||     2
       Brand Weapon With |       |       |       |       |       |       |       |       |     1 ||     1
Evoke: Wand              |       |       |       |     1 |     3 |     2 |     7 |       |       ||    13
       Tin of tremorston |       |       |       |     1 |       |     1 |       |       |     2 ||     4
       Condenser vane    |       |       |       |       |     1 |     1 |       |       |       ||     2
  Use: Scroll            |       |    10 |     6 |     9 |    11 |     5 |     7 |     6 |    16 ||    70
       Potion            |       |       |     1 |     1 |       |       |       |       |     7 ||     9
 Stab: Paralysed         |       |       |       |       |     3 |       |       |       |       ||     3
       Sleeping          |       |       |       |       |       |     1 |     5 |     8 |     4 ||    18
       Distracted        |       |       |       |       |       |     1 |     1 |     1 |       ||     3
Armor: Scale mail        |    43 |    84 |    93 |       |       |       |       |       |       ||   220
       Ring mail         |       |       |    97 |     4 |       |       |       |       |       ||   101
       Chain mail        |       |       |       |   239 |   173 |    48 |   579 |   345 |   533 ||  1917
       Plate armour      |       |       |       |       |   497 |   688 |       |       |       ||  1185
Dodge: Dodged            |    56 |    69 |   172 |   181 |   511 |   533 |   308 |   167 |   284 ||  2281
Block: Buckler           |    34 |    27 |    95 |   164 |       |       |       |       |       ||   320
       Other             |       |       |       |    23 |   230 |   224 |       |       |       ||   477
       Reflection        |       |       |       |     1 |    15 |    71 |    98 |    73 |    61 ||   319
       Tower shield      |       |       |       |       |       |   144 |  1368 |  1062 |  1631 ||  4205
